 Dungeon Crawl Stone Soup version 0.16.1-16-gc44b35d (webtiles) character file.

2753 Chiseanne the Covert (level 9, -8/41 HPs)
             Began as a Spriggan Assassin on Apr 28, 2015.
             Was an Initiate of Gozag.
             Killed from afar by trantor's ghost (9 damage)
             ... with a fireball
             ... on level 7 of the Dungeon.
             The game lasted 00:33:40 (7608 turns).

Chiseanne the Covert (Spriggan Assassin)            Turns: 7608, Time: 00:33:40

Health: -8/41      AC:  6    Str:  7    XL:     9   Next: 41%
Magic:  3/26       EV: 25    Int: 16    God:    Gozag
Gold:   209        SH:  0    Dex: 25    Spells: 5 memorised, 4 levels left

rFire  . . .     SeeInvis +     d - +1 falchion (holy)
rCold  + . .     Clarity  .     o - +2 robe {rC+}
rNeg   . . .     SustAb   .     (shield restricted)
rPois  .         Gourm    .     (helmet restricted)
rElec  .         Spirit   .     n - +1 cloak
rCorr  .         Warding  .     (gloves unavailable)
rMut   .         Stasis   .     (boots unavailable)
MR     +....                    (no amulet)
Stlth  +++++++...               E - +5 ring of dexterity
                                B - +3 ring of intelligence

@: very slightly contaminated, drained, very quick, somewhat resistant to
hostile enchantments, extremely stealthy
A: unfitting armour, see invisible, herbivore 3, speed 3, slow metabolism 2
a: Potion Petition, Call Merchant, Bribe Branch, Renounce Religion


You were on level 7 of the Dungeon.
You worshipped Gozag.
Gozag was noncommittal.
You were not hungry.

You visited 2 branches of the dungeon, and saw 8 of its levels.

You collected 869 gold pieces.
You spent 537 gold pieces at shops.
You paid 123 gold pieces to Gozag.

Inventory:

Hand weapons
 a - a +4 short sword of speed
 d - a +1 falchion of holy wrath (weapon)
 s - a +3 whip of electrocution
 w - a +0 blowgun
 J - a +7 club
Missiles
 c - 15 sling bullets of flame
 f - a curare-tipped needle
 h - 5 poisoned needles
 j - 2 tomahawks (quivered)
 l - 73 arrows
 q - 16 sling bullets
 v - 4 steel bolts
 y - 20 arrows of flame
 z - 60 bolts
 N - a needle of sleeping
Armour
 n - a +1 cloak (worn)
 o - a +2 robe of cold resistance (worn)
 p - a +0 shadow dragon armour
Jewellery
 B - a +3 ring of intelligence (left hand)
 C - an uncursed ring of wizardry
 E - a +5 ring of dexterity (right hand)
 K - an uncursed ring of fire
Magical devices
 e - a wand of fireball (5)
 G - a wand of random effects (17)
 L - a wand of digging (5)
Scrolls
 b - 5 scrolls of teleportation
 k - 8 scrolls of identify
 m - 3 scrolls of remove curse
 u - 3 scrolls of fear
 D - 2 scrolls of enchant armour
 H - a scroll of magic mapping
 I - a scroll of fog
Potions
 i - 3 potions of curing
 r - a potion of cure mutation
 t - a potion of restore abilities
 x - a potion of brilliance
 F - a potion of flight
 M - a potion of ambrosia
Books
 A - a book of Changes

   Spells                             Type                      Level
   a - Beastly Appendage              Transmutation                1
   b - Sticks to Snakes               Transmutation                2
   c - Spider Form                    Transmutation/Poison         3
   d - Ice Form                       Ice/Transmutation            4
   e - Blade Hands                    Transmutation                5
Comestibles
 g - 6 bread rations


   Skills:
 - Level 1.5(1.0) Fighting
 - Level 2.1(1.6) Short Blades
 - Level 1.5(1.0) Maces & Flails
 - Level 2.1(1.6) Throwing
 * Level 7.5(6.9) Dodging
 * Level 14.5(13.8) Stealth
 * Level 5.8(5.3) Spellcasting
 * Level 6.3(5.7) Transmutations


You had 4 spell levels left.
You knew the following spells:

 Your Spells              Type           Power        Failure   Level  Hunger
a - Beastly Appendage     Trmt           ###...       1%          1    None
b - Sticks to Snakes      Trmt           ###.......   1%          2    #......
c - Spider Form           Trmt/Pois      ##........   14%         3    ###....
d - Ice Form              Ice/Trmt       ##......     50%         4    ####...
e - Blade Hands           Trmt           ###.......   38%         5    ######.


Dungeon Overview and Level Annotations

Branches:
Dungeon (7/15)             Temple (1/1) D:5

Altars:
Ashenzari
Cheibriados
Dithmenos
Elyvilon
Fedhas
Gozag
Kikubaaqudgha
Makhleb
Okawaru
Ru
Sif Muna
Trog
Vehumet
Yredelemnul
Zin
The Shining One

Shops:
D:5 *

Annotations:
D:7 trantor's ghost, experienced HEFE


Innate Abilities, Weirdness & Mutations

You are tiny and cannot use many weapons and most armour.
You have supernaturally acute eyesight.
You are a herbivore.
You cover ground extremely quickly.
You need consume almost no food.


Message History

Your ball python misses trantor's ghost.
Trantor's ghost hits you.
* * * LOW HITPOINT WARNING * * *
You feel drained.
Your adder closely misses trantor's ghost.
Drink which item? (? for menu, Esc to quit)
Okay, then.
Read which item? (? for menu, Esc to quit)
Okay, then.
Your ball python closely misses trantor's ghost.
Your adder bites trantor's ghost.
Trantor's ghost points at your adder and mumbles some strange words.
The flame tongue hits your adder.
Your adder dies!
Your ball python closely misses trantor's ghost.
Trantor's ghost turns its malevolent gaze towards you.
Trantor's ghost points at you and mumbles some strange words.
The fireball explodes!
The fireball engulfs you!
You die...
Your body crumbles into a pile of gold.

#..# #..###............ ##)#
#####.###............. #)#
##.....# #.#.........#. #.#
#......###.#.........##
#.###...<..##............##
#..##......#...#.....g.....
##.##.........###........##
##.##...................##
##...#.....@.###.........#
#............##...#......###
#....<.......#...##.........
#)....#.....#....##.....[...
##..)##.....W...............
#..).)..#....S..###...#.....
#.####..#.......###...##.(..
####.#
#..##.........#...#...##
##....#
#.###...#.........#).##


You could see trantor's ghost and a friendly ball python.

Vanquished Creatures
  A gargoyle (D:7)
  Eustachio (D:7)
  A deep elf fighter (D:6)
  An orc warrior (D:7)
  3 centaurs
  A black bear (D:7)
  A phantom (D:4)
  A necrophage (D:6)
  An ogre (D:4)
  Duvessa (D:7)
  7 giant frogs
  A scorpion (D:6)
  A crimson imp (D:5)
  Dowan (D:7)
  2 giant frog skeletons
  2 hounds
  2 orc priests
  5 orc wizards
  2 worker ants
  A gnoll shaman (D:7)
  Jessica (D:2)
  A worker ant zombie (D:5)
  10 adders
  9 gnolls
  A giant mite (D:2)
  4 worms
  An adder skeleton (D:7)
  An adder zombie (D:7)
  3 giant geckos
  2 oozes
  26 orcs
  8 bats
  5 giant cockroaches
  10 goblins
  13 hobgoblins
  9 kobolds
  3 quokkas
  5 ball pythons
  4 giant newts
  9 jackals
  7 rats
168 creatures vanquished.

Vanquished Creatures (collateral kills)
  A black bear (D:6)
  A gnoll sergeant (D:6)
  A scorpion (D:7)
  4 gnolls
  2 orcs (D:6)
  A hobgoblin (D:6)
  A bat (D:6)
11 creatures vanquished.

Grand Total: 179 creatures vanquished

Notes
Turn   | Place    | Note
--------------------------------------------------------------
     0 | D:1      | Chiseanne, the Spriggan Assassin, began the quest for the Orb.
     0 | D:1      | Reached XP level 1. HP: 10/10 MP: 2/2
    11 | D:1      | Reached skill level 6 in Stealth
   146 | D:1      | Reached XP level 2. HP: 14/14 MP: 4/4
   309 | D:1      | Reached skill level 7 in Stealth
   621 | D:2      | Reached XP level 3. HP: 18/18 MP: 6/6
   884 | D:2      | Noticed Jessica
   891 | D:2      | Killed Jessica
   891 | D:2      | Reached skill level 8 in Stealth
  1188 | D:2      | Reached XP level 4. HP: 22/22 MP: 8/8
  1990 | D:3      | Reached skill level 9 in Stealth
  2257 | D:3      | Reached skill level 1 in Maces & Flails
  2257 | D:3      | Reached XP level 5. HP: 25/25 MP: 10/10
  2811 | D:3      | Found a snail-covered altar of Cheibriados.
  2811 | D:3      | Found a shattered altar of Ashenzari.
  2928 | D:4      | Noticed an ogre
  2957 | D:4      | Killed an ogre
  2957 | D:4      | Reached skill level 10 in Stealth
  2957 | D:4      | Reached XP level 6. HP: 30/30 MP: 12/12
  3099 | D:4      | Found Blets' Magic Scroll Shop.
  3123 | D:4      | Bought a scroll of random uselessness for 11 gold pieces
  3130 | D:4      | Noticed a phantom
  3175 | D:4      | Killed a phantom
  3175 | D:4      | Reached skill level 11 in Stealth
  3443 | D:5      | Entered Level 5 of the Dungeon
  3530 | D:5      | Found a staircase to the Ecumenical Temple.
  3565 | Temple   | Entered the Ecumenical Temple
  3652 | Temple   | Became a worshipper of Gozag Ym Sagoz the Greedy
  3670 | D:5      | Reached skill level 12 in Stealth
  3670 | D:5      | Reached XP level 7. HP: 33/33 MP: 14/14
  3812 | D:5      | Learned a level 1 spell: Beastly Appendage
  3876 | D:5      | Reached skill level 1 in Spellcasting
  3876 | D:5      | Reached skill level 1 in Transmutations
  4041 | D:5      | Learned a level 2 spell: Sticks to Snakes
  4433 | D:5      | Learned a level 3 spell: Spider Form
  4497 | D:5      | Found Baajebuo's General Store.
  4580 | D:5      | Bought a scroll of identify for 22 gold pieces
  4580 | D:5      | Bought a scroll of enchant weapon for 82 gold pieces
  4580 | D:5      | Bought a scroll of identify for 22 gold pieces
  4580 | D:5      | Bought a scroll of remove curse for 33 gold pieces
  5390 | D:6      | Reached XP level 8. HP: 33/37 MP: 20/20
  5441 | D:6      | Reached skill level 13 in Stealth
  5625 | D:6      | Found an ancient bone altar of Kikubaaqudgha.
  5797 | D:6      | Learned a level 4 spell: Ice Form
  5842 | D:6      | Reached skill level 5 in Dodging
  6018 | D:6      | Found a blossoming altar of Fedhas.
  6046 | D:6      | Noticed a deep elf fighter
  6059 | D:6      | Killed a deep elf fighter
  6460 | D:6      | Reached skill level 5 in Transmutations
  6590 | D:7      | Noticed trantor's ghost (experienced HEFE)
  6595 | D:7      | Noticed a gargoyle
  6770 | D:4      | Bought a scroll of teleportation for 33 gold pieces
  6770 | D:4      | Bought a scroll of vulnerability for 82 gold pieces
  6770 | D:4      | Bought a scroll of magic mapping for 38 gold pieces
  6770 | D:4      | Bought a scroll of remove curse for 33 gold pieces
  6770 | D:4      | Bought a scroll of fog for 22 gold pieces
  6770 | D:4      | Bought a scroll of identify for 22 gold pieces
  6770 | D:4      | Bought a scroll of identify for 22 gold pieces
  6770 | D:4      | Bought a scroll of teleportation for 33 gold pieces
  6770 | D:4      | Bought a scroll of enchant armour for 82 gold pieces
  6885 | D:7      | Noticed Eustachio
  6907 | D:7      | Killed Eustachio
  6907 | D:7      | Reached skill level 14 in Stealth
  6907 | D:7      | Reached skill level 5 in Spellcasting
  6907 | D:7      | Reached XP level 9. HP: 41/41 MP: 23/25
  6972 | D:7      | Noticed Duvessa
  6975 | D:7      | Noticed Dowan
  7015 | D:7      | Killed Duvessa
  7349 | D:7      | Killed Dowan
  7453 | D:7      | Killed a gargoyle
  7461 | D:7      | Learned a level 5 spell: Blade Hands
  7602 | D:7      | HP: 2/41 [trantor's ghost/fireball (31)]
  7608 | D:7      | Killed from afar by trantor's ghost

Action                   |  1- 3 |  4- 6 |  7- 9 || total
-------------------------+-------+-------+-------++-------
Melee: Dagger            |    74 |    11 |       ||    85
       Club              |     5 |    28 |       ||    33
       Short sword       |       |    94 |   218 ||   312
       Whip              |       |       |    46 ||    46
       Falchion          |       |       |     5 ||     5
 Fire: Blowgun           |     2 |    29 |    44 ||    75
Throw: Tomahawk          |       |       |     2 ||     2
 Cast: Sticks to Snakes  |       |       |    58 ||    58
  Use: Scroll            |     4 |     6 |     6 ||    16
       Potion            |       |       |     1 ||     1
 Stab: Sleeping          |    10 |    13 |    14 ||    37
       Distracted        |       |     3 |     5 ||     8
  Eat: Fruit             |       |       |     2 ||     2
       Pizza             |       |       |     2 ||     2
